[Event "January 9 Late 2024"]
[Site "https://www.chess.com"]
[Date "2024.01.09"]
[Round "6"]
[White "Curtis, John"]
[Black "Bold, Andre"]
[Result "0-1"]
[Board "156"]
[TimeControl "180+1"]
[WhiteFideId "3200256"]
[BlackFideId "16208471"]
[WhiteElo "2131"]
[BlackElo "2441"]
[WhiteTeam "AUS"]
[BlackTeam "GER"]
[WhiteClock "0:00:38"]
[BlackClock "0:01:28"]

1. d4 d5 2. Nf3 Nf6 3. Bf4 c5 4. c3 Nc6 5. e3 Qb6 6. Qb3 c4 7. Qxb6 axb6 8. Ne5 b5 9. Nxc6 bxc6 10. Be5 Bf5 11. Bxf6 gxf6 12. a3 e6 13. Kd2 b4 14. cxb4 Bxb4+ 15. Nc3 Kd7 16. Be2 Bxc3+ 17. Kxc3 Rhb8 18. Bd1 Kd6 19. h4 e5 20. dxe5+ fxe5 21. Rc1 c5 22. g4 Be6 23. Rc2 d4+ 24. Kd2 Rxb2 25. Rxb2 c3+ 26. Kc1 cxb2+ 27. Kxb2 c4 28. a4 c3+ 29. Kc2 Rxa4 30. f4 Ra2+ 31. Kb1 Rb2+ 32. Kc1 d3 33. fxe5+ Kxe5 0-1

[Event "January 9 Late 2024"]
[Site "https://www.chess.com"]
[Date "2024.01.09"]
[Round "6"]
[White "Nicula, Marius"]
[Black "Koziol, Kamil"]
[Result "0-1"]
[Board "157"]
[TimeControl "180+1"]
[WhiteFideId "1203096"]
[BlackFideId "1161555"]
[WhiteElo "2027"]
[BlackElo "2441"]
[WhiteTeam "CAN"]
[BlackTeam "POL"]
[WhiteClock "0:00:00"]
[BlackClock "0:02:06"]

1. e4 c5 2. Nf3 e6 3. d4 cxd4 4. Nxd4 Nf6 5. Nc3 Nc6 6. Ndb5 Bb4 7. Nd6+ Ke7 8. Nxc8+ Rxc8 9. Bd3 Re8 10. O-O d5 11. exd5 exd5 12. Bg5 Kf8 13. Bxf6 Qxf6 14. Nxd5 Qxb2 0-1

[Event "January 9 Late 2024"]
[Site "https://www.chess.com"]
[Date "2024.01.09"]
[Round "6"]
[White "Mazurkiewicz, Michal"]
[Black "Antunes, Luciano Justi"]
[Result "1-0"]
[Board "158"]
[TimeControl "180+1"]
[WhiteFideId "1124943"]
[BlackFideId "2126893"]
[WhiteElo "2441"]
[BlackElo "2121"]
[WhiteTeam "POL"]
[BlackTeam "BRA"]
[WhiteClock "0:01:22"]
[BlackClock "0:00:05"]

1. e4 c5 2. Nf3 Nc6 3. g3 e5 4. Bg2 d6 5. O-O Nge7 6. d3 g6 7. Nc3 Bg7 8. Nd2 O-O 9. Nc4 Be6 10. Nd5 Bxd5 11. exd5 Nd4 12. c3 Ndf5 13. a4 b6 14. f4 exf4 15. Bxf4 h5 16. h3 Nc8 17. Qd2 Kh7 18. g4 hxg4 19. hxg4 Nh6 20. Bf3 Qh4 21. Kg2 Qe7 22. Rh1 Rh8 23. Bxh6 Kg8 24. Bxg7 Kxg7 25. Rxh8 Kxh8 26. Qh6+ Kg8 27. Rh1 Qf6 28. Qh7+ Kf8 29. Qh8+ Qxh8 30. Rxh8+ Ke7 31. g5 a6 32. Bg4 b5 33. Rxc8 Rxc8 34. Bxc8 bxc4 35. Bxa6 1-0

[Event "January 9 Late 2024"]
[Site "https://www.chess.com"]
[Date "2024.01.09"]
[Round "6"]
[White "Bonin, Jay"]
[Black "Yurovskykh, Oleksandr"]
[Result "0-1"]
[Board "159"]
[TimeControl "180+1"]
[WhiteFideId "2000644"]
[BlackFideId "14134020"]
[WhiteElo "2321"]
[BlackElo "2610"]
[WhiteTeam "USA"]
[BlackTeam "UKR"]
[WhiteClock "0:00:00"]
[BlackClock "0:00:40"]

1. b3 d5 2. e3 Bf5 3. Bb2 e6 4. Nf3 Nf6 5. Be2 h6 6. O-O Nbd7 7. d3 Bd6 8. Nbd2 O-O 9. a3 Qe7 10. c4 c6 11. Qc2 Bh7 12. e4 dxe4 13. dxe4 e5 14. b4 b6 15. Rfe1 a5 16. c5 bxc5 17. bxa5 Rxa5 18. Nc4 Ra7 19. Nfd2 Rb8 20. Bc3 Bc7 21. Reb1 Rba8 22. a4 Ne8 23. a5 f6 24. Nb3 Kh8 25. Ne3 Bg8 26. Bc4 Nd6 27. Bxg8 Kxg8 28. f3 c4 29. Nd2 Bxa5 30. Ndxc4 Bxc3 31. Rxa7 Rxa7 32. Qxc3 Nb5 33. Qb4 Qxb4 34. Rxb4 Ra1+ 35. Kf2 Nc5 36. Kg3 Nd3 37. Rb3 Nf4 38. Rb2 Rc1 39. Rd2 Nd4 40. Ra2 Nde2+ 41. Kf2 Nc3 42. Ra8+ Kh7 43. Ra7 Nd1+ 44. Nxd1 Rxc4 45. Ne3 Rc1 46. Nf5 Rc2+ 47. Kf1 Rxg2 48. Rc7 h5 49. Rxc6 Rxh2 50. Rc7 Rg2 0-1

[Event "January 9 Late 2024"]
[Site "https://www.chess.com"]
[Date "2024.01.09"]
[Round "6"]
[White "Tikhonov, Viacheslav"]
[Black "Nita, Lucian"]
[Result "0-1"]
[Board "160"]
[TimeControl "180+1"]
[WhiteFideId "44196407"]
[BlackFideId "1206923"]
[WhiteElo "2524"]
[BlackElo "2313"]
[WhiteTeam "RUS"]
[BlackTeam "ROU"]
[WhiteClock "0:00:04"]
[BlackClock "0:00:08"]

1. e4 d6 2. d4 Nf6 3. Nc3 e5 4. Nf3 Nbd7 5. Bc4 Be7 6. a4 O-O 7. O-O c6 8. Re1 a5 9. Bf1 Re8 10. g3 Qc7 11. Bg2 Nf8 12. Bg5 h6 13. Bxf6 Bxf6 14. d5 Nd7 15. dxc6 bxc6 16. Qe2 Be7 17. Bh3 Ba6 18. Qd2 Nf6 19. Rad1 Rad8 20. Nh4 Bf8 21. Qe3 d5 22. exd5 cxd5 23. Qd2 g6 24. Bf1 Bb7 25. Nb5 Qb6 26. Bg2 Kg7 27. Nf3 Ne4 28. Qe3 Bc5 29. Qe2 Bxf2+ 30. Kf1 Bxe1 31. Rxe1 Ba6 32. c4 Bxb5 33. axb5 f5 34. Nh4 dxc4 35. Bxe4 fxe4 36. Qxe4 Rd2 37. Re2 Rxe2 38. Kxe2 Re6 39. Qd5 Rf6 40. Qxe5 Qf2+ 41. Kd1 Qf1+ 42. Kd2 Qd3+ 43. Kc1 Qd7 44. Kc2 Kf7 45. Kb1 Qe6 46. Qc7+ Kf8 47. Qb8+ Kg7 48. Qc7+ Rf7 49. Qc5 c3 50. Qxc3+ Kh7 51. Qxa5 Rf1+ 52. Kc2 Rf2+ 53. Kb1 Rf1+ 54. Kc2 Qc4+ 55. Kd2 Qd4+ 56. Ke2 Rf2+ 57. Ke1 Qe3+ 58. Kd1 Qd3+ 59. Ke1 Qe2# 0-1

[Event "January 9 Late 2024"]
[Site "https://www.chess.com"]
[Date "2024.01.09"]
[Round "6"]
[White "Antonio, Jorge Carlos"]
[Black "Jaiveer Mahendru"]
[Result "0-1"]
[Board "161"]
[TimeControl "180+1"]
[WhiteFideId "113190"]
[BlackFideId "25611151"]
[WhiteElo "2306"]
[BlackElo "2499"]
[WhiteTeam "ARG"]
[BlackTeam "IND"]
[WhiteClock "0:00:00"]
[BlackClock "0:00:17"]

1. d4 f5 2. g3 Nf6 3. Bg2 g6 4. Nh3 Bg7 5. O-O O-O 6. c3 d6 7. Re1 e5 8. Qb3+ Kh8 9. dxe5 dxe5 10. Bxb7 Bxb7 11. Qxb7 Nbd7 12. Qc6 Rb8 13. Ng5 Rb6 14. Qa4 h6 15. Nf3 Qa8 16. Nbd2 e4 17. Nh4 Kh7 18. Nc4 Re6 19. Be3 Ng4 20. Qxd7 Rc6 21. Bd4 Rg8 22. Ne5 Nxe5 23. Bxe5 Kh8 24. Bxg7+ Rxg7 25. Qd4 Qf8 26. Rad1 g5 27. Ng2 h5 28. Qd8 Qxd8 29. Rxd8+ Kh7 30. Red1 f4 31. R8d7 f3 32. Rxg7+ Kxg7 33. exf3 exf3 34. Ne3 Rb6 35. b3 Ra6 36. Rd2 g4 37. h3 gxh3 38. Kh2 Kf6 39. Kxh3 Kg5 40. Rd5+ Kg6 41. Kh4 Rxa2 42. Rg5+ Kf6 43. Rf5+ Kg6 44. Rxf3 Ra3 45. Kh3 Rxb3 46. Nd5 c5 47. Kg2 a5 48. Nf4+ Kh6 49. Re3 a4 50. Re6+ Kg5 51. Ra6 a3 52. c4 Rb4 53. Rxa3 Rxc4 54. Ra5 Kg4 55. Ra6 h4 56. Rg6+ Kf5 57. Rh6 hxg3 58. fxg3 Kg4 59. Rh4+ Kf5 60. Kh3 Rc2 0-1

[Event "January 9 Late 2024"]
[Site "https://www.chess.com"]
[Date "2024.01.09"]
[Round "6"]
[White "Slavin, Alexey"]
[Black "Gutierrez Olivares, Daniel"]
[Result "0-1"]
[Board "162"]
[TimeControl "180+1"]
[WhiteFideId "24104388"]
[BlackFideId "2264005"]
[WhiteElo "2296"]
[BlackElo "2477"]
[WhiteTeam "RUS"]
[BlackTeam "ESP"]
[WhiteClock "0:00:00"]
[BlackClock "0:00:03"]

1. e4 e6 2. Nf3 d5 3. e5 c5 4. b4 c4 5. a3 a5 6. b5 Nd7 7. a4 Qc7 8. Bb2 Bb4 9. Be2 Ne7 10. O-O Ng6 11. Re1 Ngxe5 12. Nxe5 Nxe5 13. Nc3 O-O 14. Bf1 Ng6 15. g3 Bc5 16. Qf3 Bd7 17. h4 Ne5 18. Qe2 f6 19. Bg2 Kh8 20. Kh1 Rae8 21. Rf1 f5 22. Rae1 Ng4 23. Bf3 Nf6 24. d3 Bb4 25. dxc4 d4 26. Nd1 Bxe1 27. Rxe1 e5 28. Ba3 Rg8 29. Nb2 e4 30. Bg2 f4 31. gxf4 Qxf4 32. Kg1 Ng4 33. Nd1 Qh2+ 34. Kf1 Qxh4 35. c3 Nh2+ 36. Kg1 Nf3+ 0-1

[Event "January 9 Late 2024"]
[Site "https://www.chess.com"]
[Date "2024.01.09"]
[Round "6"]
[White "Spichkin, Alexander"]
[Black "Kappeler, Kaspar"]
[Result "1-0"]
[Board "163"]
[TimeControl "180+1"]
[WhiteFideId "4144074"]
[BlackFideId "1309072"]
[WhiteElo "2463"]
[BlackElo "2266"]
[WhiteTeam "RUS"]
[BlackTeam "SUI"]
[WhiteClock "0:01:54"]
[BlackClock "0:00:00"]

1. f4 d5 2. Nf3 Nf6 3. e3 g6 4. Be2 Bg7 5. O-O O-O 6. d3 c5 7. Kh1 Nc6 8. a4 Qc7 9. Nc3 a6 10. e4 d4 11. Nb1 e5 12. Qe1 Ng4 13. Qg3 Ne3 14. Bxe3 dxe3 15. f5 gxf5 16. exf5 Kh8 17. Nc3 Nd4 18. Rae1 Nxc2 19. Nd5 Qc6 20. f6 Bh6 21. Qh4 Bf4 22. Nxf4 exf4 23. Ng5 1-0

[Event "January 9 Late 2024"]
[Site "https://www.chess.com"]
[Date "2024.01.09"]
[Round "6"]
[White "Krzywda, Andrzej"]
[Black "Petersson, Kjell"]
[Result "1-0"]
[Board "164"]
[TimeControl "180+1"]
[WhiteFideId "1114565"]
[BlackFideId "1705148"]
[WhiteElo "2404"]
[BlackElo "2148"]
[WhiteTeam "POL"]
[BlackTeam "SWE"]
[WhiteClock "0:02:14"]
[BlackClock "0:01:13"]

1. e4 c5 2. Nf3 d6 3. d4 cxd4 4. Nxd4 Nf6 5. Nc3 g6 6. Be3 Bg7 7. f3 O-O 8. Qd2 Nc6 9. O-O-O d5 10. exd5 Nxd5 11. Nxc6 bxc6 12. Bd4 Bxd4 13. Qxd4 Qb6 14. Na4 Qc7 15. g3 Be6 16. Nc5 Bc8 17. Bc4 e6 18. h4 f5 19. h5 g5 20. h6 Rb8 21. Rh5 Qe7 22. Re1 Rf7 23. f4 g4 24. Rg5+ Kf8 25. Qh8# 1-0

[Event "January 9 Late 2024"]
[Site "https://www.chess.com"]
[Date "2024.01.09"]
[Round "6"]
[White "Thake, Conrad"]
[Black "Meduri, Aakaash"]
[Result "0-1"]
[Board "165"]
[TimeControl "180+1"]
[WhiteFideId "5602947"]
[BlackFideId "2032252"]
[WhiteElo "1854"]
[BlackElo "2403"]
[WhiteTeam "MLT"]
[BlackTeam "USA"]
[WhiteClock "0:00:00"]
[BlackClock "0:00:30"]

1. e4 d5 2. exd5 Qxd5 3. Nc3 Qd6 4. d4 Nf6 5. Nf3 a6 6. Be2 b5 7. a3 Bb7 8. O-O e6 9. Bg5 Be7 10. Ne5 O-O 11. Bf3 Nd5 12. Bxe7 Qxe7 13. Nxd5 Bxd5 14. Re1 c6 15. b3 Qd6 16. Bxd5 cxd5 17. Re3 Nd7 18. Nxd7 Qxd7 19. Rg3 Rac8 20. Qg4 g6 21. c3 Rc6 22. Qh4 Rfc8 23. Rc1 Qd8 24. Qh6 Qf8 25. Qg5 Qxa3 26. Rh3 Qf8 27. Qh4 Qg7 28. Qf4 b4 29. Qd2 bxc3 30. Rhxc3 Rxc3 31. Rxc3 Rxc3 32. Qxc3 Qf8 33. b4 Qb8 34. Kf1 Qb5+ 35. Ke1 Kg7 36. f3 Qa4 37. Kd2 Qa2+ 38. Qc2 Qa1 39. Qc3 Qa2+ 40. Qc2 Qa1 41. Qc3 Qg1 42. Qc6 Qxd4+ 43. Kc2 Qxb4 44. h4 Qxh4 0-1

[Event "January 9 Late 2024"]
[Site "https://www.chess.com"]
[Date "2024.01.10"]
[Round "6"]
[White "Mena, Martin"]
[Black "Heberla, Bartlomiej"]
[Result "0-1"]
[Board "166"]
[TimeControl "180+1"]
[WhiteFideId "10651225"]
[BlackFideId "1115120"]
[WhiteElo "2092"]
[BlackElo "2664"]
[WhiteTeam "EGY"]
[BlackTeam "POL"]
[WhiteClock "0:00:07"]
[BlackClock "0:02:12"]

1. c4 e5 2. Nc3 Nc6 3. g3 Bc5 4. Bg2 d6 5. a3 a6 6. e3 Nge7 7. Nge2 Ba7 8. O-O O-O 9. d4 exd4 10. exd4 Nf5 11. d5 Ne5 12. b3 Bd7 13. Bb2 h5 14. Nf4 h4 15. Nd3 hxg3 16. hxg3 Nxg3 17. Nxe5 dxe5 18. Re1 Qh4 19. Rxe5 Rae8 20. Qe1 Rxe5 21. Qxe5 Re8 22. Qxc7 Ne2+ 23. Nxe2 Qxf2+ 24. Kh1 Rxe2 25. Qd8+ Be8 26. Rg1 Qxg1# 0-1

[Event "January 9 Late 2024"]
[Site "https://www.chess.com"]
[Date "2024.01.09"]
[Round "6"]
[White "Celestino, Rafael Teixeira"]
[Black "Coca Cubillos, Jesus Alberto"]
[Result "0-1"]
[Board "167"]
[TimeControl "180+1"]
[WhiteFideId "2108925"]
[BlackFideId "4462912"]
[WhiteElo "2224"]
[BlackElo "2516"]
[WhiteTeam "BRA"]
[BlackTeam "COL"]
[WhiteClock "0:00:04"]
[BlackClock "0:00:43"]

1. e4 g6 2. d4 Bg7 3. Nc3 d6 4. Be3 Nh6 5. f3 f6 6. h4 Nf7 7. Qd2 O-O 8. h5 g5 9. f4 h6 10. fxg5 fxg5 11. Bd3 Nc6 12. Nge2 e5 13. d5 Ne7 14. Nd1 Kh8 15. Nf2 Ng8 16. c4 Nf6 17. b4 Ng4 18. O-O Nxf2 19. Rxf2 Bg4 20. Ng3 Qd7 21. c5 a6 22. Rc1 Kg8 23. Be2 Nh8 24. Rcf1 Rxf2 25. Rxf2 Rf8 26. Rxf8+ Kxf8 27. Bxg4 Qxg4 28. Qf2+ Nf7 29. Qf3 Qh4 30. a4 Kg8 31. b5 axb5 32. axb5 dxc5 33. Bxc5 Bf8 34. Bxf8 Kxf8 35. Qa3+ Nd6 36. b6 Kf7 37. bxc7 Nc8 38. Qf3+ Ke8 39. Qc3 Kd7 40. Qxe5 g4 41. Qg7+ Ke8 42. Nf5 Qe1+ 43. Kh2 Qxe4 44. Qg8+ Kd7 45. Qxc8+ Kxc8 46. Nd6+ Kxc7 47. Nxe4 b5 48. Kg3 b4 49. Kf4 b3 50. Ke5 g3 51. d6+ Kd8 52. Nc5 b2 53. Ne6+ Kc8 54. Kf6 b1=Q 55. Ke7 Qh7+ 56. Ke8 Qd7+ 57. Kf8 Qxe6 58. d7+ Kxd7 59. Kg7 Qg4+ 60. Kh7 Ke7 61. Kh8 Kf7 62. Kh7 Qg7# 0-1

[Event "January 9 Late 2024"]
[Site "https://www.chess.com"]
[Date "2024.01.09"]
[Round "6"]
[White "Skurikhin, Dmitrij"]
[Black "Salman, Ilhan Serhat"]
[Result "1/2-1/2"]
[Board "168"]
[TimeControl "180+1"]
[WhiteFideId "4161297"]
[BlackFideId "6361579"]
[WhiteElo "2222"]
[BlackElo "2486"]
[WhiteTeam "RUS"]
[BlackTeam "TUR"]
[WhiteClock "0:00:12"]
[BlackClock "0:00:07"]

1. d4 b6 2. Nf3 Bb7 3. c4 d5 4. cxd5 Nf6 5. Nc3 Nxd5 6. Bg5 h6 7. Bh4 Nd7 8. e3 N7f6 9. Bb5+ c6 10. Bd3 e6 11. O-O Be7 12. Qe2 O-O 13. Rfd1 Rc8 14. Rac1 c5 15. a3 cxd4 16. Nxd4 Qd7 17. Nxd5 Bxd5 18. Rxc8 Rxc8 19. e4 Bb7 20. Nb5 g5 21. Bg3 Bc6 22. Nc3 Rd8 23. h4 Qb7 24. hxg5 hxg5 25. Qe3 Ne8 26. Be5 f6 27. Bg3 Bc5 28. Qe2 Ng7 29. Qg4 Qf7 30. Bc4 Rxd1+ 31. Qxd1 Qg6 32. Qd8+ Kh7 33. Bd3 f5 34. exf5 exf5 35. Be5 Qf7 36. Qxg5 Qg6 37. Qh4+ Kg8 38. Qh3 Qg4 39. Qxg4 fxg4 40. Ne4 Bxe4 41. Bxe4 Ne6 42. Bd5 Kf7 43. b4 Be7 44. Kh2 a5 45. Bc3 axb4 46. axb4 Bd6+ 47. g3 Ke7 48. Bxe6 Kxe6 49. Kg2 Kf5 50. b5 Bc5 51. f3 Bd6 52. Bd4 Bc7 53. fxg4+ Kxg4 54. Bf2 Bd8 55. Kf1 Bc7 56. Ke2 Bxg3 57. Bxb6 Bb8 58. Kd3 Kf5 59. Kc4 Ke6 60. Kc5 Kd7 61. Kd5 Kc8 62. Kc6 Bc7 63. Bxc7 1/2-1/2

[Event "January 9 Late 2024"]
[Site "https://www.chess.com"]
[Date "2024.01.09"]
[Round "6"]
[White "Palencia Morales, Wilson Guillermo"]
[Black "Cardozo Munar, Carlos Eduardo"]
[Result "1/2-1/2"]
[Board "169"]
[TimeControl "180+1"]
[WhiteFideId "4401859"]
[BlackFideId "4409477"]
[WhiteElo "2471"]
[BlackElo "2213"]
[WhiteTeam "COL"]
[BlackTeam "COL"]
[WhiteClock "0:00:08"]
[BlackClock "0:00:06"]

1. d4 d5 2. c4 e5 3. dxe5 d4 4. Nf3 Nc6 5. g3 Nge7 6. Bg2 Ng6 7. O-O Bg4 8. Nbd2 Qd7 9. Qa4 h5 10. Re1 h4 11. a3 hxg3 12. hxg3 Bh3 13. Bh1 f6 14. e6 Bxe6 15. b4 Nce5 16. Qxd7+ Kxd7 17. Nxd4 Nxc4 18. Nxc4 Bxc4 19. Bxb7 Rb8 20. Bc6+ Kd8 21. Be4 Ne5 22. Bf4 Bd6 23. Bxe5 Bxe5 24. Nc6+ Kd7 25. Rad1+ Ke6 26. Nxb8 Rxb8 27. Rc1 Bb5 28. e3 g5 29. f4 Bd6 30. Kf2 a5 31. Bc6 Bxc6 32. Rxc6 axb4 33. axb4 Rxb4 34. Rec1 gxf4 35. gxf4 Kf5 36. Kf3 Rb2 37. e4+ Ke6 38. e5 fxe5 39. fxe5 Kxe5 40. R1c2 Rb3+ 41. R6c3 Rb4 42. Rc4 Rb3+ 43. R2c3 Rxc3+ 44. Rxc3 Kd4 45. Rc1 Kd3 46. Rd1+ Kc2 47. Rd5 Kc3 48. Ke4 Kc4 49. Rd1 Bb4 50. Rc1+ Bc3 51. Ke3 c5 52. Rb1 Kd5 53. Kd3 Bd4 54. Rh1 c4+ 55. Kc2 Kc5 56. Rh5+ Kb4 57. Rh4 Kc5 58. Rg4 Bf2 59. Rf4 Be1 60. Rf5+ Kd4 61. Rf1 Bg3 62. Rf3 Be5 63. Rh3 Kd5 64. Rh5 Kd4 65. Rh4+ Kd5 66. Rg4 Bd4 67. Rf4 Kc5 68. Rg4 Kd5 69. Kd2 Kc5 70. Kc2 1/2-1/2

[Event "January 9 Late 2024"]
[Site "https://www.chess.com"]
[Date "2024.01.09"]
[Round "6"]
[White "Ferriz Barrios, Andres"]
[Black "Balla, Tamas-Kristof"]
[Result "1-0"]
[Board "170"]
[TimeControl "180+1"]
[WhiteFideId "5104467"]
[BlackFideId "1208497"]
[WhiteElo "2216"]
[BlackElo "2428"]
[WhiteTeam "MEX"]
[BlackTeam "ROU"]
[WhiteClock "0:02:09"]
[BlackClock "0:00:13"]

1. e4 c5 2. d4 cxd4 3. c3 Nf6 4. e5 Nd5 5. Bc4 Nb6 6. Bb3 Nc6 7. Nf3 d6 8. exd6 Qxd6 9. cxd4 e6 10. O-O Be7 11. Nc3 O-O 12. Ne4 Qd8 13. Re1 Nd5 14. a3 b6 15. Bc2 a5 16. Bb1 Ba6 17. Neg5 h6 18. Qc2 Nf6 19. Rxe6 Nxd4 20. Nxd4 Rc8 21. Nc6 Rxc6 22. Rxc6 hxg5 23. Bxg5 g6 24. Ba2 Kg7 25. Rd1 Qb8 26. Rc7 Bc5 27. Qc3 Qxc7 28. Bxf6+ Kg8 29. Qh3 Bxf2+ 30. Kh1 1-0

[Event "January 9 Late 2024"]
[Site "https://www.chess.com"]
[Date "2024.01.09"]
[Round "6"]
[White "Korkmaz, Necmettin"]
[Black "Sailer, Mike"]
[Result "1-0"]
[Board "171"]
[TimeControl "180+1"]
[WhiteFideId "6303285"]
[BlackFideId "2012901"]
[WhiteElo "2417"]
[BlackElo "2209"]
[WhiteTeam "TUR"]
[BlackTeam "USA"]
[WhiteClock "0:00:52"]
[BlackClock "0:00:00"]

1. e4 d5 2. exd5 Qxd5 3. Nc3 Qd6 4. d4 c6 5. Nf3 Bg4 6. Be2 e6 7. O-O Nf6 8. h3 Bxf3 9. Bxf3 Nbd7 10. Re1 Be7 11. Be3 O-O 12. Ne4 Nxe4 13. Bxe4 Nf6 14. Bd3 Nd5 15. Bd2 Bd8 16. Qe2 Bc7 17. g3 Rae8 18. c4 Ne7 19. Rad1 Ng6 20. Bc3 f5 21. f4 Re7 22. a3 a5 23. Qf3 c5 24. d5 exd5 25. Qxd5+ Qxd5 26. cxd5 Rfe8 27. Rxe7 Rxe7 28. Bxf5 Re3 29. Kg2 Bd6 30. Kf2 Re8 31. Bxg6 hxg6 32. Re1 Rxe1 33. Kxe1 b6 34. Ke2 Kf7 35. a4 Ke7 36. Bxg7 g5 37. Be5 1-0

[Event "January 9 Late 2024"]
[Site "https://www.chess.com"]
[Date "2024.01.10"]
[Round "6"]
[White "Goncalves, Samuel Jesus P"]
[Black "Varela La Madrid, Maria"]
[Result "0-1"]
[Board "172"]
[TimeControl "180+1"]
[WhiteFideId "1945130"]
[BlackFideId "3903346"]
[WhiteElo "2404"]
[BlackElo "2174"]
[WhiteTeam "POR"]
[BlackTeam "VEN"]
[WhiteClock "0:00:00"]
[BlackClock "0:00:10"]

1. Nf3 d5 2. g3 g6 3. Bg2 Bg7 4. d4 Nf6 5. O-O O-O 6. c3 Nbd7 7. Bf4 c5 8. Ne5 b6 9. dxc5 Nxc5 10. c4 Bb7 11. Nc3 d4 12. Bxb7 Nxb7 13. Nc6 Qd7 14. Ne5 Qh3 15. Nb5 Rfd8 16. f3 Nh5 17. Nc6 Nxf4 18. gxf4 Rd7 19. Nbxd4 Na5 20. Ne5 Bxe5 21. fxe5 Rad8 22. e3 Nxc4 23. Qe2 Nxe5 24. Rad1 Qh4 25. Kg2 g5 26. Nf5 Qh5 27. Nxe7+ Kf8 28. Rxd7 Rxd7 29. Nf5 g4 30. fxg4 Nxg4 31. Ng3 Qd5+ 32. Qf3 Nxe3+ 0-1

[Event "January 9 Late 2024"]
[Site "https://www.chess.com"]
[Date "2024.01.09"]
[Round "6"]
[White "Vila Dupla, Aurelio"]
[Black "Poddubnyi, Viktor"]
[Result "0-1"]
[Board "173"]
[TimeControl "180+1"]
[WhiteFideId "2203383"]
[BlackFideId "4141989"]
[WhiteElo "2171"]
[BlackElo "2398"]
[WhiteTeam "ESP"]
[BlackTeam "RUS"]
[WhiteClock "0:00:05"]
[BlackClock "0:00:12"]

1. Nf3 g6 2. d4 Bg7 3. c4 c5 4. e4 cxd4 5. Nxd4 Nc6 6. Be3 Nf6 7. Nc3 O-O 8. Be2 d6 9. O-O a6 10. f3 Bd7 11. Qd2 Nxd4 12. Bxd4 Qa5 13. a3 Rfc8 14. b4 Qd8 15. Rac1 a5 16. Nd5 Nxd5 17. cxd5 Bxd4+ 18. Qxd4 axb4 19. axb4 Rxc1 20. Rxc1 Rc8 21. Rxc8 Qxc8 22. Qc4 Qa8 23. Qd4 Qa2 24. Bf1 Qc2 25. h4 f6 26. Kh2 Kf7 27. Bc4 Qb1 28. Be2 Qe1 29. Bc4 Qxh4+ 30. Kg1 Qe1+ 31. Kh2 Qxb4 32. Qd3 b5 33. Ba2 Qb2 34. Bb1 b4 35. f4 Qc1 36. Kg3 Qc3 37. Kf3 Qxd3+ 38. Bxd3 Ba4 39. Ke3 h5 40. Kd4 Bb3 41. g3 g5 42. e5 h4 43. e6+ Kg7 44. fxg5 fxg5 45. gxh4 gxh4 0-1

[Event "January 9 Late 2024"]
[Site "https://www.chess.com"]
[Date "2024.01.09"]
[Round "6"]
[White "Bueno, Alfeu Junior Varela"]
[Black "Jing, Andrew"]
[Result "0-1"]
[Board "174"]
[TimeControl "180+1"]
[WhiteFideId "2108879"]
[BlackFideId "30984076"]
[WhiteElo "2389"]
[BlackElo "2156"]
[WhiteTeam "BRA"]
[BlackTeam "USA"]
[WhiteClock "0:00:08"]
[BlackClock "0:02:13"]

1. e4 e5 2. Nc3 Nf6 3. f4 d5 4. fxe5 Nxe4 5. Qf3 f5 6. d3 Nxc3 7. bxc3 d4 8. Qg3 dxc3 9. Be2 Be6 10. Be3 Nc6 11. Nf3 Be7 12. Qxg7 Rg8 13. Qxh7 Qd5 14. Qh5+ Kd7 15. Ng1 Nxe5 16. Bf3 Nxf3+ 17. Qxf3 Rxg2 18. Qxd5+ Bxd5 19. Ne2 Bf3 20. Nd4 Bd5 21. Ne2 Bd6 22. Rf1 Re8 23. Bf4 Rexe2+ 0-1

[Event "January 9 Late 2024"]
[Site "https://www.chess.com"]
[Date "2024.01.09"]
[Round "6"]
[White "Ivanov, Aleksandr"]
[Black "Rees, Ioan"]
[Result "0-1"]
[Board "175"]
[TimeControl "180+1"]
[WhiteFideId "2092980"]
[BlackFideId "1801236"]
[WhiteElo "2155"]
[BlackElo "2384"]
[WhiteTeam "USA"]
[BlackTeam "WLS"]
[WhiteClock "0:00:00"]
[BlackClock "0:00:10"]

1. d4 d5 2. c4 c6 3. cxd5 cxd5 4. Bf4 Nf6 5. e3 Nc6 6. Nc3 Bf5 7. Qb3 Na5 8. Qa4+ Bd7 9. Qc2 e6 10. Bd3 Rc8 11. h3 Bb4 12. Ne2 O-O 13. O-O h6 14. Rfc1 Nc4 15. Qb3 Qe7 16. a3 Bd6 17. Bxd6 Nxd6 18. Nb5 Bxb5 19. Bxb5 a6 20. Bd3 Nfe4 21. Qd1 b5 22. Nf4 Nc4 23. Bxe4 dxe4 24. Rc3 Nxb2 25. Qc2 Rxc3 26. Qxc3 Nc4 27. a4 e5 28. axb5 axb5 29. Nd5 Qd6 30. Nb4 exd4 31. exd4 Rd8 32. d5 Qf4 33. Re1 Ra8 34. d6 Nxd6 35. Qc6 Rd8 36. Qc7 Rc8 37. Qd7 Rc4 38. Nd5 Qe5 39. Ne7+ Kh7 40. Qd8 h5 41. Qg8+ Kh6 42. Qh8+ Kg5 43. h4+ Kxh4 0-1

[Event "January 9 Late 2024"]
[Site "https://www.chess.com"]
[Date "2024.01.09"]
[Round "6"]
[White "Michalski, Olaf"]
[Black "Sanchez Alvares, Kelvin Antonio"]
[Result "0-1"]
[Board "176"]
[TimeControl "180+1"]
[WhiteFideId "1106740"]
[BlackFideId "3906680"]
[WhiteElo "2154"]
[BlackElo "2345"]
[WhiteTeam "POL"]
[BlackTeam "VEN"]
[WhiteClock "0:00:00"]
[BlackClock "0:00:10"]

1. d4 d5 2. c4 c6 3. cxd5 cxd5 4. Nc3 Nf6 5. Nf3 Nc6 6. Bf4 Bf5 7. e3 e6 8. Ne5 Bd6 9. Qb3 Qb6 10. Bb5 Bxe5 11. Bxe5 O-O 12. Bxf6 gxf6 13. O-O a6 14. Bxc6 Qxb3 15. axb3 bxc6 16. Na4 Rfb8 17. Nc5 Kg7 18. Ra3 Rb5 19. Rfa1 a5 20. Kf1 Bc2 21. Ke1 Rab8 22. Rxa5 Bxb3 23. Rxb5 Rxb5 24. Ra7 Kg6 25. Kd2 Bc4 26. Kc3 Bf1 27. g3 Bc4 28. b3 Be2 29. Rc7 Rb6 30. Rc8 Kg7 31. h4 e5 32. Rc7 exd4+ 33. exd4 Bb5 34. Ne6+ Kg6 35. Nd8 Rb8 36. Nxf7 Re8 37. Nd6 Re2 38. f4 Re3+ 39. Kb4 Rxg3 40. f5+ Kh5 41. Rxh7+ Kg4 42. Rg7+ Kxh4 43. Rxg3 Kxg3 44. Ne8 Kf4 45. Nxf6 Kxf5 46. Nd7 Ke4 47. Kc5 Kd3 0-1

[Event "January 9 Late 2024"]
[Site "https://www.chess.com"]
[Date "2024.01.09"]
[Round "6"]
[White "Sultanbek, Zeinep"]
[Black "Quirke, Jeffrey"]
[Result "1-0"]
[Board "177"]
[TimeControl "180+1"]
[WhiteFideId "13710419"]
[BlackFideId "2013029"]
[WhiteElo "2301"]
[BlackElo "2142"]
[WhiteTeam "KAZ"]
[BlackTeam "USA"]
[WhiteClock "0:00:41"]
[BlackClock "0:00:41"]

1. d4 Nf6 2. c4 g6 3. Nc3 Bg7 4. e4 d6 5. Be2 O-O 6. Nf3 e5 7. Be3 exd4 8. Nxd4 Re8 9. f3 c6 10. Bf2 d5 11. exd5 cxd5 12. O-O Nc6 13. c5 Bf8 14. Nxc6 bxc6 15. b4 a5 16. b5 cxb5 17. Bxb5 Re6 18. a4 Bb7 19. Ne2 Rc8 20. Nd4 Bxc5 21. Nxe6 fxe6 22. Bxc5 Rxc5 23. Qd4 Rc8 24. Rfe1 Qe7 25. Qb6 e5 26. Rac1 Rxc1 27. Rxc1 e4 28. Rc7 Qe5 29. Rxb7 exf3 30. Qd8+ 1-0

[Event "January 9 Late 2024"]
[Site "https://www.chess.com"]
[Date "2024.01.09"]
[Round "6"]
[White "Skaric, Djuro"]
[Black "Floresvillar Gonzalez, Luis Migu"]
[Result "1-0"]
[Board "178"]
[TimeControl "180+1"]
[WhiteFideId "934569"]
[BlackFideId "5100542"]
[WhiteElo "2301"]
[BlackElo "2139"]
[WhiteTeam "SRB"]
[BlackTeam "MEX"]
[WhiteClock "0:01:59"]
[BlackClock "0:00:38"]

1. g3 d5 2. Bg2 c6 3. d3 Bf5 4. Nf3 Nf6 5. O-O Nbd7 6. h3 e5 7. Nc3 e4 8. Nh4 g6 9. dxe4 Nxe4 10. Nxf5 gxf5 11. Nxe4 fxe4 12. h4 Bc5 13. c4 Nb6 14. cxd5 cxd5 15. Bg5 f6 16. Bf4 Qd7 17. e3 Nc4 18. Qh5+ Qf7 19. Qe2 O-O-O 20. b3 Ne5 21. Bxe5 fxe5 22. Rac1 b6 23. b4 d4 24. Qa6+ Qb7 25. Qxb7+ Kxb7 26. bxc5 bxc5 27. Rxc5 dxe3 28. Bxe4+ Kb6 29. Rc6+ Ka5 30. fxe3 Rd2 31. Rf5 Re8 32. Rc5+ Kb4 33. Rcxe5 Rxe5 34. Rxe5 Rxa2 35. Bxh7 Re2 36. g4 a5 37. Kf1 Rh2 38. Re4+ Kb3 39. Bg8+ Kc3 40. g5 Kd3 41. Ra4 Kxe3 42. Bd5 Rf2+ 43. Kg1 Rd2 44. Bg2 Rd1+ 45. Kh2 Rb1 46. Kg3 Rb4 47. Rxa5 1-0